TOP OF THE 1ST |
Cleveland Guardians batting - Pitching for Detroit Tigers : LHP Adrian Hamilton
|
Pitching: LHP Adrian Hamilton
|
|
Batting: RHB Rick O'Reilly
|
0-0: Ball 1-0: Ground out 5-3 (Groundball, 56S, EV 90.6 MPH)
|
Batting: RHB Jasper Burd
|
0-0: Foul Ball, location: 2F 0-1: Ball 1-1: Foul Ball, location: 2F 1-2: Foul Ball, location: 2F 1-2: Foul Ball, location: 2F 1-2: Ball 2-2: Strikes out looking
|
Batting: RHB Nick Ogle
|
0-0: Ball 1-0: Ball 2-0: Ball 3-0: Called Strike 3-1: DOUBLE (Line Drive, 8LXD, EV 103.8 MPH)
|
Batting: LHB Danny Dunham
|
0-0: Called Strike 0-1: Swinging Strike 0-2: Ball 1-2: Ball 2-2: Strikes out swinging
|
Top of the 1st over - 0 runs, 1 hit, 0 errors, 1 left on base; Cleveland 0 - Detroit 0 |
BOTTOM OF THE 1ST |
Detroit Tigers batting - Pitching for Cleveland Guardians : RHP Mike Chisolm
|
Pitching: RHP Mike Chisolm
|
|
Batting: LHB Frank McConnell
|
0-0: Called Strike 0-1: Swinging Strike 0-2: Ball 1-2: Strikes out swinging
|
Batting: SHB Adam Weber
|
0-0: Ground out 4-3 (Groundball, 4, EV 79.4 MPH)
|
Batting: LHB Morgan Black
|
0-0: Called Strike 0-1: Foul Ball, location: 2F 0-2: Strikes out swinging
|
Bottom of the 1st over - 0 runs, 0 hits, 0 errors, 0 left on base; Cleveland 0 - Detroit 0 |
TOP OF THE 2ND |
Cleveland Guardians batting - Pitching for Detroit Tigers : LHP Adrian Hamilton
|
Batting: RHB Nick Sharp
|
0-0: Ball 1-0: Ball 2-0: Ball 3-0: Called Strike 3-1: Base on Balls
|
Batting: LHB Hector Pedroso
|
0-0: Called Strike 0-1: Called Strike 0-2: Foul Ball, location: 2F 0-2: Ball 1-2: Ball 2-2: Foul Ball, location: 2F 2-2: Strikes out swinging
|
Batting: RHB Aaron Matthews
|
0-0: Ball 1-0: Ball 2-0: Called Strike 2-1: Foul Ball, location: 2F 2-2: Foul Ball, location: 2F 2-2: Strikes out swinging
|
Batting: LHB Brent Albertson
|
0-0: Foul Ball, location: 2F 0-1: Ball 1-1: Ball 2-1: Called Strike 2-2: Strikes out swinging
|
Top of the 2nd over - 0 runs, 0 hits, 0 errors, 1 left on base; Cleveland 0 - Detroit 0 |
BOTTOM OF THE 2ND |
Detroit Tigers batting - Pitching for Cleveland Guardians : RHP Mike Chisolm
|
Batting: RHB Chris Wheatley
|
0-0: Swinging Strike 0-1: Foul Ball, location: 2F 0-2: Ball 1-2: Ball 2-2: Foul Ball, location: 2F 2-2: Fly out, F9 (Flyball, 9S, EV 96.2 MPH)
|
Batting: LHB Conrad Taylor
|
0-0: Ball 1-0: Ball 2-0: Foul Ball, location: 2F 2-1: Called Strike 2-2: Strikes out swinging
|
Batting: RHB Adrian Novakovic
|
0-0: Ball 1-0: Called Strike 1-1: Foul Ball, location: 2F 1-2: Ball 2-2: SINGLE (Groundball, 56, EV 100.6 MPH)
|
Batting: LHB Tyler Davis
|
0-0: Ball 1-0: Ground out U3 (Groundball, 3, EV 80.0 MPH)
|
Bottom of the 2nd over - 0 runs, 1 hit, 0 errors, 1 left on base; Cleveland 0 - Detroit 0 |
TOP OF THE 3RD |
Cleveland Guardians batting - Pitching for Detroit Tigers : LHP Adrian Hamilton
|
Batting: LHB John Harring
|
0-0: Ball 1-0: Reached on error, E1 (Groundball, 15S, EV 43.8 MPH)
|
Batting: RHB Rick O'Reilly
|
0-0: Called Strike 0-1: Ball 1-1: Ground out 5-3 (Groundball, 56D, EV 88.1 MPH)
|
Batting: RHB Jasper Burd
|
0-0: Ball 1-0: Called Strike 1-1: Called Strike 1-2: Ball 2-2: Strikes out looking
|
Batting: RHB Nick Ogle
|
0-0: Ball 1-0: Swinging Strike 1-1: Fly out, F8 (Flyball, 8LD, EV 100.0 MPH)
|
Top of the 3rd over - 0 runs, 0 hits, 1 error, 1 left on base; Cleveland 0 - Detroit 0 |
BOTTOM OF THE 3RD |
Detroit Tigers batting - Pitching for Cleveland Guardians : RHP Mike Chisolm
|
Batting: SHB Ross Holland
|
0-0: Called Strike 0-1: Ball 1-1: Ball 2-1: Swinging Strike 2-2: Strikes out swinging
|
Batting: RHB Dan Friess
|
0-0: Ball 1-0: Called Strike 1-1: Ball 2-1: Ball 3-1: Base on Balls
|
Batting: LHB Frank McConnell
|
0-0: Ball 1-0: Ball 2-0: DOUBLE (Flyball, 78XD, EV 107.5 MPH) Dan Friess to third Runner from 3rd tries for Home, SAFE, throw by CF to home
|
Batting: SHB Adam Weber
|
0-0: Ground out 4-3 (Groundball, 34D, EV 81.2 MPH) Frank McConnell to third
|
Batting: LHB Morgan Black
|
0-0: Ball 1-0: Ball 2-0: Called Strike 2-1: Ball 3-1: Base on Balls
|
Batting: RHB Chris Wheatley
|
0-0: Ball 1-0: Ball 2-0: Fly out, F3 (Popup, 34S, EV 72.5 MPH)
|
Bottom of the 3rd over - 1 run, 1 hit, 0 errors, 2 left on base; Cleveland 0 - Detroit 1 |
TOP OF THE 4TH |
Cleveland Guardians batting - Pitching for Detroit Tigers : LHP Adrian Hamilton
|
Batting: LHB Danny Dunham
|
0-0: Called Strike 0-1: Foul Ball, location: 2F 0-2: Ball 1-2: Strikes out swinging
|
Batting: RHB Nick Sharp
|
0-0: Ball 1-0: Ball 2-0: Foul Ball, location: 2F 2-1: Foul Ball, location: 2F 2-2: Ball 3-2: SINGLE (Groundball, 6S, EV 73.8 MPH) (infield hit)
|
Batting: LHB Hector Pedroso
|
0-0: Ball 1-0: Called Strike 1-1: Called Strike 1-2: Foul Ball, location: 2F 1-2: Ball 2-2: Strikes out looking
|
Batting: RHB Aaron Matthews
|
0-0: 2-RUN HOME RUN (Flyball, 9D, EV 97.5 MPH), Distance : 369 ft
|
Batting: LHB Brent Albertson
|
0-0: Ball 1-0: Ball 2-0: Foul Ball, location: 2F 2-1: Foul Ball, location: 2F 2-2: Reached on error, E4 (Groundball, 4, EV 87.5 MPH)
|
Batting: LHB John Harring
|
0-0: Ball 1-0: Foul Ball, location: 2F 1-1: Ball 2-1: Swinging Strike 2-2: Ball 3-2: Foul Ball, location: 2F 3-2: Foul Ball, location: 2F 3-2: SINGLE (Line Drive, 56D, EV 94.4 MPH) Brent Albertson to second Brent Albertson to third
|
Batting: RHB Rick O'Reilly
|
0-0: Called Strike 0-1: Ball 1-1: Ball 2-1: Ground out 1-3 (Groundball, P, EV 60.6 MPH)
|
Top of the 4th over - 2 runs, 3 hits, 1 error, 2 left on base; Cleveland 2 - Detroit 1 |
BOTTOM OF THE 4TH |
Detroit Tigers batting - Pitching for Cleveland Guardians : RHP Mike Chisolm
|
Batting: LHB Conrad Taylor
|
0-0: Called Strike 0-1: Ball 1-1: Foul Ball, location: 2F 1-2: Ground out 6-3 (Groundball, 6, EV 84.4 MPH)
|
Batting: RHB Adrian Novakovic
|
0-0: Ball 1-0: DOUBLE (Line Drive, 89M, EV 96.2 MPH)
|
Batting: LHB Tyler Davis
|
0-0: Ground out 4-3 (Groundball, 4S, EV 76.9 MPH) Adrian Novakovic to third
|
Batting: SHB Ross Holland
|
0-0: Called Strike 0-1: Ball 1-1: 2-RUN HOME RUN (Flyball, 8RXD, EV 106.2 MPH), Distance : 441 ft
|
Batting: RHB Dan Friess
|
0-0: Swinging Strike 0-1: Foul Ball, location: 2F 0-2: Ball 1-2: Strikes out looking
|
Bottom of the 4th over - 2 runs, 2 hits, 0 errors, 0 left on base; Cleveland 2 - Detroit 3 |
TOP OF THE 5TH |
Cleveland Guardians batting - Pitching for Detroit Tigers : LHP Adrian Hamilton
|
Batting: RHB Jasper Burd
|
0-0: Ball 1-0: Foul Ball, location: 2F 1-1: Ball 2-1: SINGLE (Line Drive, 56D, EV 106.2 MPH)
|
Batting: RHB Nick Ogle
|
0-0: Swinging Strike 0-1: Ball 1-1: SINGLE (Groundball, 6MD, EV 101.9 MPH) Jasper Burd to second Runner from 2nd tries for 3rd, SAFE, throw by CF made to third
|
Batting: LHB Danny Dunham
|
0-0: Ball 1-0: Fielders Choice at 2nd, 3-6 (Groundball, 3, EV 103.8 MPH) Jasper Burd scores
|
Batting: RHB Nick Sharp
|
0-0: Ball 1-0: Ball 2-0: Foul Ball, location: 2F 2-1: Called Strike 2-2: 2-RUN HOME RUN (Flyball, 7LD, EV 91.9 MPH) (Inside the Park)
|
Batting: LHB Hector Pedroso
|
0-0: Ball 1-0: Foul Ball, location: 2F 1-1: Fly out, F8 (Flyball, 8LXD, EV 107.5 MPH)
|
Batting: RHB Aaron Matthews
|
0-0: Foul Ball, location: 2F 0-1: Ball 1-1: Foul Ball, location: 2F 1-2: Strikes out swinging
|
Top of the 5th over - 3 runs, 3 hits, 0 errors, 0 left on base; Cleveland 5 - Detroit 3 |
BOTTOM OF THE 5TH |
Detroit Tigers batting - Pitching for Cleveland Guardians : RHP Mike Chisolm
|
Batting: LHB Frank McConnell
|
0-0: Ball 1-0: Fly out, F8 (Line Drive, 8RS, EV 91.2 MPH)
|
Batting: SHB Adam Weber
|
0-0: Ball 1-0: Ground out 3-1 (Groundball, 34S, EV 86.2 MPH)
|
Batting: LHB Morgan Black
|
0-0: SINGLE (Line Drive, 7S, EV 108.1 MPH)
|
Batting: RHB Chris Wheatley
|
0-0: Foul Ball, location: 2F 0-1: Ball 1-1: Swinging Strike 1-2: Foul Ball, location: 2F 1-2: Ball 2-2: Foul Ball, location: 2F 2-2: DOUBLE (Line Drive, 3D, EV 106.2 MPH) Morgan Black to third Runner from 3rd tries for Home, SAFE, throw by RF to trailing runner, SAFE at third!
|
Batting: LHB Conrad Taylor
|
0-0: Ball 1-0: Ball 2-0: Foul Ball, location: 2F 2-1: Foul Ball, location: 2F 2-2: Ground out U3 (Groundball, 3S, EV 90.0 MPH)
|
Bottom of the 5th over - 1 run, 2 hits, 0 errors, 1 left on base; Cleveland 5 - Detroit 4 |
TOP OF THE 6TH |
Cleveland Guardians batting - Pitching for Detroit Tigers : LHP Adrian Hamilton
|
Pitching: RHP Steve McGaughey
|
|
Batting: LHB Brent Albertson
|
0-0: Ball 1-0: Foul Ball, location: 2F 1-1: Called Strike 1-2: Ground out 4-3 (Groundball, 34D, EV 86.2 MPH)
|
Batting: LHB John Harring
|
0-0: Ball 1-0: Ball 2-0: Ball 3-0: Base on Balls
|
Batting: RHB Rick O'Reilly
|
0-0: Ball 1-0: SINGLE (Flyball, 34D, EV 96.2 MPH) John Harring to second
|
Batting: RHB Jasper Burd
|
0-0: Called Strike 0-1: Swinging Strike 0-2: Strikes out looking
|
Batting: RHB Nick Ogle
|
0-0: Ball 1-0: Called Strike 1-1: Ball 2-1: Fielders Choice at 2nd, 6-4 (Groundball, 56, EV 83.8 MPH)
|
Top of the 6th over - 0 runs, 1 hit, 0 errors, 2 left on base; Cleveland 5 - Detroit 4 |
BOTTOM OF THE 6TH |
Detroit Tigers batting - Pitching for Cleveland Guardians : RHP Mike Chisolm
|
Batting: RHB Adrian Novakovic
|
0-0: Ball 1-0: Ball 2-0: Ball 3-0: Base on Balls
|
Batting: LHB Tyler Davis
|
0-0: Ball 1-0: Foul Ball, location: 2F 1-1: Ball 2-1: Ball 3-1: Called Strike 3-2: Foul Ball, location: 2F 3-2: Foul Ball, location: 2F 3-2: Base on Balls Adrian Novakovic to second
|
Batting: SHB Ross Holland
|
0-0: Swinging Strike 0-1: SINGLE (Flyball, 8LS, EV 85.6 MPH) Adrian Novakovic to third Tyler Davis to second
|
Batting: RHB Dan Friess
|
0-0: Ball 1-0: Called Strike 1-1: Swinging Strike 1-2: Ball 2-2: Foul Ball, location: 2F 2-2: Ball 3-2: Base on Balls Adrian Novakovic scores Tyler Davis to third Ross Holland to second
|
Pitching: RHP Paul Lewis
|
|
Batting: LHB Frank McConnell
|
0-0: Foul Ball, location: 2F 0-1: Ball 1-1: SINGLE (Groundball, 56, EV 96.9 MPH) Tyler Davis scores Ross Holland to third Dan Friess to second Runner from 3rd tries for Home, SAFE, throw by LF to home
|
Batting: SHB Adam Weber
|
0-0: Ball 1-0: Ball 2-0: Ball 3-0: Called Strike 3-1: Swinging Strike 3-2: Strikes out swinging
|
Batting: LHB Morgan Black
|
0-0: Ball 1-0: Fielders Choice at 2nd, 3-6 (Groundball, 34S, EV 80.0 MPH) Dan Friess to third
|
Batting: RHB Chris Wheatley
|
0-0: Ball 1-0: Ball 2-0: Ball 3-0: Called Strike 3-1: Foul Ball, location: 2F 3-2: Base on Balls Morgan Black to second
|
Batting: LHB Conrad Taylor
|
0-0: Called Strike 0-1: Ball 1-1: Called Strike 1-2: Ball 2-2: Strikes out swinging
|
Bottom of the 6th over - 3 runs, 2 hits, 0 errors, 3 left on base; Cleveland 5 - Detroit 7 |
TOP OF THE 7TH |
Cleveland Guardians batting - Pitching for Detroit Tigers : RHP Steve McGaughey
|
Batting: LHB Danny Dunham
|
0-0: Ball 1-0: Ground out 4-3 (Groundball, 34, EV 88.8 MPH)
|
Batting: RHB Nick Sharp
|
0-0: Called Strike 0-1: Swinging Strike 0-2: Strikes out looking
|
Batting: LHB Hector Pedroso
|
0-0: Swinging Strike 0-1: Foul Ball, location: 2F 0-2: Ball 1-2: Foul Ball, location: 2F 1-2: Ball 2-2: Foul Ball, location: 2F 2-2: Strikes out swinging
|
Top of the 7th over - 0 runs, 0 hits, 0 errors, 0 left on base; Cleveland 5 - Detroit 7 |
BOTTOM OF THE 7TH |
Detroit Tigers batting - Pitching for Cleveland Guardians : RHP Paul Lewis
|
Pitching: RHP Dennis Beals
|
|
Batting: RHB Adrian Novakovic
|
0-0: Called Strike 0-1: Ball 1-1: Ball 2-1: Called Strike 2-2: Foul Ball, location: 2F 2-2: Ball 3-2: Foul Ball, location: 2F 3-2: Base on Balls
|
Batting: LHB Tyler Davis
|
0-0: Ball 1-0: Ball 2-0: Swinging Strike 2-1: Ground out 6-3 (Groundball, 4, EV 85.6 MPH) Adrian Novakovic to second
|
Batting: SHB Ross Holland
|
0-0: SINGLE (Groundball, 4MS, EV 68.1 MPH) (infield hit) Adrian Novakovic to third
|
Batting: RHB Dan Friess
|
0-0: SINGLE (Flyball, 89S, EV 91.9 MPH) Adrian Novakovic scores Ross Holland to second
|
Batting: LHB Frank McConnell
|
0-0: Called Strike Ross Holland is caught stealing 3rd base 2-5 Dan Friess to second 0-1: Swinging Strike 0-2: Strikes out swinging
|
Bottom of the 7th over - 1 run, 2 hits, 0 errors, 1 left on base; Cleveland 5 - Detroit 8 |
TOP OF THE 8TH |
Cleveland Guardians batting - Pitching for Detroit Tigers : RHP Steve McGaughey
|
Pitching: RHP Chris Haselhorst
|
|
Batting: RHB Aaron Matthews
|
0-0: Foul Ball, location: 2F 0-1: Fly out, F7 (Flyball, 7, EV 88.8 MPH)
|
Batting: LHB Brent Albertson
|
0-0: Ball 1-0: Foul Ball, location: 2F 1-1: Swinging Strike 1-2: Fly out, F7 (Flyball, 78S, EV 83.8 MPH)
|
Batting: LHB John Harring
|
0-0: Ball 1-0: Ball 2-0: Called Strike 2-1: Ground out U3 (Groundball, 3, EV 84.4 MPH)
|
Top of the 8th over - 0 runs, 0 hits, 0 errors, 0 left on base; Cleveland 5 - Detroit 8 |
BOTTOM OF THE 8TH |
Detroit Tigers batting - Pitching for Cleveland Guardians : RHP Dennis Beals
|
Batting: SHB Adam Weber
|
0-0: Swinging Strike 0-1: Ball 1-1: Ball 2-1: Foul Ball, location: 2F 2-2: Strikes out swinging
|
Batting: LHB Morgan Black
|
0-0: Called Strike 0-1: Ball 1-1: Ball 2-1: Swinging Strike 2-2: Ball 3-2: Foul Ball, location: 2F 3-2: Ground out 6-3 (Groundball, 6M, EV 80.0 MPH)
|
Batting: RHB Chris Wheatley
|
0-0: Called Strike 0-1: Foul Ball, location: 2F 0-2: Ball 1-2: SOLO HOME RUN (Flyball, 7D, EV 100.0 MPH), Distance : 386 ft
|
Batting: LHB Conrad Taylor
|
0-0: Called Strike 0-1: Ball 1-1: Swinging Strike 1-2: Foul Ball, location: 2F 1-2: Ball 2-2: Strikes out swinging
|
Bottom of the 8th over - 1 run, 1 hit, 0 errors, 0 left on base; Cleveland 5 - Detroit 9 |
TOP OF THE 9TH |
Cleveland Guardians batting - Pitching for Detroit Tigers : RHP Chris Haselhorst
|
Batting: RHB Rick O'Reilly
|
0-0: Ground out 6-3 (Groundball, 56D, EV 80.6 MPH)
|
Batting: RHB Jasper Burd
|
0-0: Called Strike 0-1: Ball 1-1: TRIPLE (Line Drive, 78XD, EV 110.0 MPH)
|
Batting: RHB Nick Ogle
|
0-0: Called Strike 0-1: Called Strike 0-2: Ball 1-2: Strikes out swinging
|
Batting: LHB Danny Dunham
|
0-0: Called Strike 0-1: Ball 1-1: Fly out, F9 (Flyball, 9D, EV 80.0 MPH)
|
Top of the 9th over - 0 runs, 1 hit, 0 errors, 1 left on base; Cleveland 5 - Detroit 9 |
|